AoeStats
← ¬koJ

Arabia

509243217Analyzed
3v3 RM · 7d ago on Sep 26, 2026· 62m 9s· 6 players
Game mode
Random Map
Map size
Normal (6 player)
Population
200
Speed
Normal
Resources
Standard
Victory
Conquest
Starting age
Dark Age
Ending age
Imperial Age
RankedLock teamsTeams togetherTeam positionsShared explorationLock speedFull tech treeHidden civsTurbo modeCheats
Victory
Defeat
🇧🇷 Slavs · Brazil
1059
+17
🇧🇷 Byzantines · Brazil
1052
+17
🇧🇷 Poles · Brazil
1030
+19
🇨🇱 Mapuche · Chile
1101
-18
🇨🇱 Byzantines · Chile
1086
-18
🇨🇱 Persians · Chile
1063
-17
Zulks
6:55 Loom
13:24 Feudal Age
18:54 Castle Age
17:48 Scale Mail Armor
17:11 Man-at-Arms
17:59 Double-Bit Axe
20:03 Fletching
19:46 Long Swordsman
20:27 Squires
26:55 Chain Mail Armor
28:01 Wheelbarrow
28:22 Pikeman
28:56 Town Watch
29:48 Forging
29:32 Horse Collar
32:04 Bow Saw
35:41 Imperial Age
36:06 Scale Barding Armor
36:17 Elite Skirmisher
38:09 Conscription
37:16 Capped Ram
38:34 Illumination
40:19 Hand Cart
41:09 Chemistry
40:10 Two-Handed Swordsman
40:21 Siege Ram
43:01 Druzhina
43:40 Redemption
43:43 Champion
47:03 Plate Mail Armor
47:08 Iron Casting
49:36 Ballistics
51:58 Halberdier
54:54 Blast Furnace
56:56 Sanctity
58:28 Theocracy
58:13 Block Printing
¬koJ
5:19 Loom
11:20 Feudal Age
11:53 Horse Collar
12:35 Double-Bit Axe
16:23 Forging
23:36 Castle Age
22:32 Fletching
23:35 Scale Barding Armor
24:04 Elite Skirmisher
28:45 Bodkin Arrow
30:52 Wheelbarrow
32:37 Bow Saw
32:58 Hand Cart
33:19 Padded Archer Armor
33:10 Pikeman
33:52 Squires
33:55 Scale Mail Armor
35:19 Chain Mail Armor
37:01 Gold Mining
37:46 Thumb Ring
41:32 Imperial Age
40:19 Heavy Plow
42:29 Logistica
42:40 Stone Mining
44:06 Chemistry
43:57 Halberdier
45:39 Plate Mail Armor
45:40 Conscription
46:08 Ballistics
46:00 Elite Cataphract
48:43 Bracer
54:29 Two-Man Saw
54:29 Leather Archer Armor
58:28 Ring Archer Armor
58:34 Iron Casting
61:07 Gold Shaft Mining
61:38 Stone Shaft Mining
61:31 Heavy Camel Rider
62:13 Husbandry
62:34 Chain Barding Armor
Nebrown#1 JUGGERNAUT
7:29 Loom
10:31 Feudal Age
11:10 Double-Bit Axe
13:47 Horse Collar
18:14 Forging
20:39 Castle Age
18:57 Forging
19:32 Scale Barding Armor
20:02 Bloodlines
21:24 Light Cavalry
22:34 Chain Barding Armor
23:31 Husbandry
25:33 Fletching
27:22 Iron Casting
27:51 Heavy Plow
29:34 Wheelbarrow
34:18 Imperial Age
33:07 Gold Mining
34:14 Bodkin Arrow
34:23 Winged Hussar
36:05 Blast Furnace
36:40 Cavalier
37:35 Bracer
38:50 Chemistry
38:11 Szlachta Privileges
38:34 Hand Cart
38:13 Town Watch
38:47 Bow Saw
39:14 Crop Rotation
41:11 Conscription
41:46 Ballistics
41:22 Murder Holes
44:00 Lechitic Legacy
44:23 Stone Mining
44:36 Scale Mail Armor
44:49 Masonry
44:19 Treadmill Crane
46:04 Town Patrol
49:51 Hoardings
50:28 Stone Shaft Mining
52:55 Chain Mail Armor
53:44 Elite Obuch
56:53 Plate Mail Armor
Autopawn
6:35 Loom
10:19 Feudal Age
13:11 Double-Bit Axe
18:21 Castle Age
20:15 Elite Skirmisher
22:01 Fletching
28:41 Forging
28:36 Scale Mail Armor
28:43 Scale Barding Armor
30:21 Wheelbarrow
30:50 Bow Saw
31:53 Forging
32:05 Chain Barding Armor
32:12 Horse Collar
32:12 Crossbowman
33:51 Pikeman
34:36 Scale Mail Armor
34:49 Husbandry
35:24 Forging
38:15 Bodkin Arrow
39:53 Padded Archer Armor
41:22 Iron Casting
44:51 Imperial Age
48:58 Arbalester
50:57 Light Cavalry
52:09 Ballistics
gabrieloresp
9:29 Loom
12:16 Feudal Age
17:23 Castle Age
15:55 Double-Bit Axe
19:09 Bloodlines
19:56 Husbandry
28:11 Wheelbarrow
29:04 Horse Collar
34:07 Imperial Age
31:56 Forging
31:53 Scale Barding Armor
34:04 Iron Casting
33:50 Chain Barding Armor
33:49 Cavalier
35:27 Savar
40:48 Blast Furnace
41:38 Hand Cart
41:44 Gold Mining
43:09 Plate Barding Armor
44:41 Conscription
43:52 Light Cavalry
45:25 Heavy Plow
45:01 Hussar
46:26 Heavy Camel Rider
50:51 Bow Saw
50:46 Kamandaran
50:15 Crossbowman
51:02 Thumb Ring
53:22 Fletching
53:33 Padded Archer Armor
54:30 Ballistics
55:11 Chemistry
55:58 Bodkin Arrow
56:20 Leather Archer Armor
59:11 Ring Archer Armor
alfredoruninm
6:32 Loom
9:04 Feudal Age
9:42 Champi Runner
11:52 Double-Bit Axe
11:48 Horse Collar
13:23 Scale Mail Armor
17:03 Arson
17:30 Forging
21:37 Castle Age
20:04 Gold Mining
21:34 Fletching
21:45 Padded Archer Armor
22:34 Bodkin Arrow
23:54 Leather Archer Armor
24:56 Bow Saw
26:06 Wheelbarrow
27:27 Ballistics
31:54 Hand Cart
32:18 Forging
32:13 Town Watch
33:44 Iron Casting
37:25 Imperial Age
36:10 Malon
38:38 Butalmapu
38:54 Conscription
38:46 Elite Bolas Rider
40:58 Chemistry
41:29 Siege Engineers
43:30 Elite Kona
46:07 Ring Archer Armor
46:21 Heavy Plow
46:12 Stone Mining
53:12 Blast Furnace
60:41 Hoardings
60:19 Masonry
60:05 Murder Holes
62:19 Bombard Tower
62:30 Architecture
Connection lost

Rejoining the realm…

Still unreachable

The connection could not be restored.

Session expired

The server has moved on; the page needs a fresh start.